 Dungeon Crawl Stone Soup version 0.31.0 (webtiles) character file.

Game seed: 14424598395394603231

48 Esekla the Apothecary (level 3, 0/19 HPs)
             Began as a Deep Elf Wanderer on Jan 20, 2024.
             Succumbed to an adder's poison
             ... on level 2 of the Dungeon.
             The game lasted 00:08:20 (1218 turns).

Esekla the Apothecary (Deep Elf Wanderer)           Turns: 1218, Time: 00:08:21

Health: 0/19       AC:  2    Str: 11    XL:     3   Next: 50%
Magic:  1/7        EV: 12    Int: 19    God:
Gold:   75         SH:  0    Dex: 11    Spells: 1/5 levels left

rFire   . . .        a - +0 dagger
rCold   . . .        (no shield)
rNeg    . . .        d - +0 robe
rPois   .            (no helmet)
rElec   .            (no cloak)
rCorr   .            (no gloves)
SInv    .            (no boots)
Will    .....        (no amulet)
Stlth   +            (no ring)
HPRegen 0.23/turn    (no ring)
MPRegen 0.10/turn

%: no passive effects
@: lethally poisoned (0 -> -6), on blink cooldown, hasted, very quick
A: no striking features
a: no special abilities


You were on level 2 of the Dungeon.
You visited 1 branch of the dungeon, and saw 2 of its levels.

You collected 75 gold pieces.

Inventory:

Hand Weapons
 a - a +0 dagger (weapon)
Missiles
 b - 9 poisoned darts (quivered)
Armour
 d - a +0 robe (worn)
Scrolls
 e - 2 scrolls of teleportation {unknown}
 h - a scroll of summoning {unknown}
Potions
 c - 4 potions of curing
 f - a potion of lignification {unknown}
 g - a potion of brilliance {unknown}
 i - a potion of haste


   Skills:
 + Level 0.7 Short Blades
 + Level 2.0 Throwing
 * Level 2.2 Dodging
 * Level 1.7 Spellcasting
 * Level 0.7 Conjurations
 + Level 3.4 Translocations
 + Level 4.8 Alchemy


You had one spell level left.
You knew the following spells:

 Your Spells              Type           Power      Damage    Failure   Level
a - Sting                 Conj/Alch      48%        1d6       5%          1
b - Blink                 Tloc           28%        N/A       6%          2
p - Apportation           Tloc           28%        N/A       4%          1

Your spell library contained the following spells:

 Spells                   Type           Power      Damage    Failure   Level
 Teleport Other           Tloc           14%        N/A       13%         3
 Mephitic Cloud           Conj/Alch/Air  8%         N/A       24%         3


Dungeon Overview and Level Annotations

Branches:
Dungeon (2/15)

Altars:


Message History

Press: ? - help, Shift-Dir - straight line, f/p - adder
Aim: an adder (severely wounded, poisoned, 53% to hit)
The sting misses the adder.
The adder bites you.
You are poisoned.
The adder poisons you!
Casting: Sting (safe; 5% risk of failure)
Confirm with . or Enter, or press ? or * to list all spells.
You blink.
You feel sick.
You feel sick.
Throw: 11 darts (poison)
Press: ? - help, Q - select action, (/) - cycle Shift-Dir - straight line, f/p - adder
Aim: an adder (severely wounded, poisoned, 29% to hit)
You throw a poisoned dart.
The poisoned dart barely misses the adder.
You feel sick.
Casting: Blink (safe; 6% risk of failure)
Confirm with . or Enter, or press ? or * to list all spells.
Aiming: Sting (safe; 5% risk of failure)
Press: ? - help, Shift-Dir - straight line, f/p - adder
Aim: an adder (heavily wounded, poisoned, 53% to hit)
The sting misses the adder.
You feel sick.
Casting: Sting (safe; 5% risk of failure)
Confirm with . or Enter, or press ? or * to list all spells.
You don't have enough magic to cast this spell.
Unknown command.
You feel sick.
The adder looks more healthy.
Throw: 10 darts (poison)
Press: ? - help, Q - select action, (/) - cycle Shift-Dir - straight line, f/p - adder
Aim: an adder (heavily wounded, 29% to hit)
You throw a poisoned dart. The poisoned dart hits the adder.
The adder is poisoned.
The adder is heavily wounded.
You feel sick.
You are no longer poisoned.
The adder bites you.
* * * LOW HITPOINT WARNING * * *
You are lethally poisoned!
The adder poisons you!
It was a potion of haste.
You feel yourself speed up.
You die...

.......#.#...##..####...####..##.
.......##.##..........#..........
#####.####.#...####..###..####...
#.# ##.##........#........## #.#
##.#...####...####...#
#.#######.##..# ##.## #..##.#
#........#.######...# #### #.
###############.##.##.# #
#.#.#@.#.......#
####.#S...#.)8..#....
#.#..(..#..#...#..#..
####.......#...8...#..
#.#.....###.##...##.## #....###
.#.##.## .# ###### ## ###.# ## .#


You could see an adder (poisoned).

Vanquished Creatures
  2 gnolls
  2 dart slugs (D:1)
  A bat (D:2)
  4 endoplasms
  3 giant cockroaches
  A goblin (D:1)
  A hobgoblin (D:1)
  4 kobolds
  2 quokkas
  2 frilled lizards
  A rat (D:1)
23 creatures vanquished.

Notes
Turn   | Place    | Note
-------+----------+-------------------------------------------
     0 | D:1      | Esekla the Deep Elf Wanderer began the quest for the Orb.
     0 | D:1      | Esekla set off with the following items: a +0 dagger, 11
                  | poisoned darts, a potion of curing, a +0 robe; and the
                  | following spells available to memorise: Apportation, Sting,
                  | Blink, Teleport Other, Mephitic Cloud.
     0 | D:1      | Reached XP level 1. HP: 10/10 MP: 5/5
     2 | D:1      | Learned a level 1 spell: Apportation
     4 | D:1      | Learned a level 1 spell: Sting
   109 | D:1      | Found a faded altar of an unknown god.
   137 | D:1      | Reached skill level 1 in Dodging
   273 | D:1      | Reached XP level 2. HP: 12/15 MP: 6/6
   342 | D:1      | Learned a level 2 spell: Blink
   668 | D:1      | Reached XP level 3. HP: 19/19 MP: 5/7
  1218 | D:2      | Succumbed to an adder's poison

Illustrated notes

Levels and vault maps discovered:
D:1:      heliophobic_arrival_dark_side_of_the_moon, layout_basic,
          shapermc_ecumenical_altar_venn
D:2:      wad_crossroads, layout_basic

Skill      XL: |  1  2 |
---------------+-------+-----
Dodging        | 1 2 |  2.2
Short Blades   | |  0.7
Throwing       | |  2.0
Spellcasting   | |  1.7
Conjurations   | |  0.7
Translocations | |  3.4
Alchemy        | |  4.8

Action                     || total
---------------------------++-------
  Melee: Dagger            ||    43
         Punch             ||     1
  Throw: Dart              ||     7
   Cast: Sting             ||    32
         Blink             ||     2
    Use: Potion            ||     1
 Armour: Robe              ||    30
  Dodge: Dodged            ||    26
